cohdb
Replays
Latest Replays
All Replays
Popular Replays
Top Player Replays
Match Explorer
How It Works
Community
CoH3 Stats
Reddit
Sign in to upload your games and track your stats! →
Sign in with Steam
Match 46841591
Unlisted
Match 46841591
Overview
Messages
Build Orders
End
Pioneer Squad
Construct Infanterie Kompanie
MG 42 Machine Gun Team
MG 42 Machine Gun Team
Construct Panzergrenadier Kompanie
Grenadier Squad
251 Medium Carrier
251 Medium Carrier
Panzergrenadier Officer Quarters
Selects Mechanized Battlegroup
Selects Mobile Repair Stations
Pak 40 Anti-tank Gun Team
Pak 40 Anti-tank Gun Team
Construct Panzer Kompanie
Panzer IV Medium Tank
Selects Wespe Self-propelled Artillery
Selects Raid Package
Side Skirts
Medical Station
Boneless
Ismachu
Dr. Tacosaurus
purehate
bu1893
Arschhaare
0
0
Comments
sign in to comment!
No comments posted yet!